Celery, chaotic female orcish Rogue ----- # $ $ ########$########....-##### ---|--- #-#--- #|...| # |...<.| -------- ##...-###########....| ##......| $ |.[....| ----- #|...| #|..}| # |.....| |......| |)[.| ##...| #|...| ####-.....| |......| |[.<.##*##--.-- #--#-- ####|.....|#########################.......| |.Y..d#############[[[#[#)##[##[#####-......# -------- |o))| # ### -|-.---########## |.r.| # # #[ %#)## -#-|------- ---|- # #)# # |%........| ^ # # # |.........| ######## # $ |.........| #--.##--------.-- * $ |.........| $ #|..............| ----------- $$ ----------- ##(.............| $ $$ |..!...!!.| #|.............[| * |..!..!!..-########.....>.........| ----------- ---------------- $ Celery the Pilferer Experience level: 10 Strength: 18 Dexterity: 18 Constitution: 17 Intelligence: 9 Wisdom: 9 Charisma: 7 Health: 0(87) Energy: 32(32) AC: -1 Gold: 0 Moves: 14608 Your Inventory: Weapons b - 5 uncursed +0 orcish daggers (in quiver) q - 4 uncursed +0 runed daggers [elven] x - an uncursed [+0] broad pick [dwarvish mattock] (alternate weapon; not wielded) z - a blessed +1 runed dagger [elven] (weapon in hand) Armor o - an uncursed +0 dwarvish mithril-coat (being worn) D - a blessed rusty +2 helmet (being worn) H - an uncursed +0 cloak of invisibility O - a blessed +0 pair of hard shoes [iron] (being worn) S - an uncursed fireproof +0 T-shirt (being worn) Comestibles r - 6 uncursed food rations s - an uncursed tripe ration t - an uncursed partly eaten cram ration Rings a - an uncursed ring of shock resistance h - an uncursed sapphire ring [of warning] j - a blessed +2 ring of gain intelligence J - a cursed thoroughly rusty -1 ring of gain constitution (on left hand) R - an uncursed ring called conflict [of conflict] U - an uncursed ring of slow digestion (on right hand) Wands k - an uncursed silver wand [of locking (0:4)] u - an uncursed wand of create monster [0:14] Q - a blessed wand of speed monster [0:2] V - an uncursed wand of striking [0:6] Z - an uncursed zinc wand [of secret door detection (0:14)] Tools e - an uncursed +0 unicorn horn f - an uncursed sack G - an uncursed stethoscope N - an uncursed lock pick Contents of the sack: 1292 gold pieces an uncursed scroll of charging an uncursed scroll of earth a blessed scroll of fire 2 blessed clear potions [of holy water] an uncursed clear potion [of water] a cursed clear potion [of unholy water] an uncursed potion of healing an uncursed potion of object detection Spells known in the end: Name Level Category Fail Memory a - haste self 3 escape 100% [|||||||.] b - detect food 2 divination 100% [||||||||] Your skills at the end: Fighting Skills body armor [Basic / Basic] Weapon Skills dagger [Expert / Expert] short sword [Basic / Expert] Spellcasting Skills Final Attributes: You were piously aligned. Hunger level was 268. Your alignment was 82 / 83. Monster difficulty range was 1 - 8. Level difficulty was 6. You were immune to poison. You had automatic searching. You had infravision. You were stealthy. You had slower digestion. You were fast. Your luck was zero. You are dead. Vanquished creatures: 2 giant mimics 2 large mimics a small mimic a large dog a tengu an elf mummy a leather golem a chameleon 2 giant beetles 12 wolves 2 spotted jellies an iron piercer a horse a gnome king an ogre 2 owlbears a gold golem a werewolf 3 Green-elves a lizard a chickatrice a dog 2 dingos a housecat 4 jaguars a dwarf lord a blue jelly a white unicorn a raven a snake 9 apes 5 human zombies a rope golem 7 Woodland-elves 2 soldier ants 2 fire ants a snow ant a bugbear 2 wood nymphs a water nymph 2 rock piercers an enormous rat 2 rock moles 2 ponies a fog cloud 2 yellow lights a shrieker 2 violet fungi a gnome lord 2 gnomish wizards a black naga hatchling a guardian naga hatchling 4 gray oozes 4 elf zombies a ghoul a straw golem 2 paper golems a wax golem 4 giant ants a little dog 2 floating eyes a kitten 4 dwarves 2 homunculi 3 kobold lords 2 kobold shamans 5 rothes 3 centipedes 5 giant bats 2 monkeys 10 orc zombies 3 dwarf zombies 2 werejackals 4 iguanas 4 killer bees 2 acid blobs 3 gas spores 3 hobbits 2 manes a large kobold 3 hobgoblins 6 giant rats 10 cave spiders 2 brown molds a yellow mold 3 green molds 4 red molds 4 gnomes 5 garter snakes 2 gnome zombies 6 geckos 7 jackals 3 foxes 3 kobolds a goblin 2 sewer rats 4 grid bugs 5 bats 9 lichens 2 kobold zombies 9 newts 273 creatures vanquished. Voluntary challenges: You used a wielded weapon 311 times. You read items or engraved 21 times. You put on armor 36 times. You never genocided any monsters. You never polymorphed an object. You never changed form. You used no wishes. You never wrote Elbereth's name. You never encountered a bones level. You used 1 Sokoban shortcut. Dungeon overview: The Dungeons of Doom: levels 1 to 7 Level 1 some fountains a long staircase Level 2 a fountain Level 3 a fountain stairs to The Gnomish Mines Level 4 a general store, an altar to Kos, a fountain Level 5 many fountains Level 6 <- You were here a potion shop, an altar to Kos stairs to Sokoban Level 7 a sink a long staircase The Gnomish Mines: Level 4 stairs to The Dungeons of Doom Sokoban: levels 3 to 5 Level 5 a magic chest stairs to The Dungeons of Doom History has recorded: On T:1 you entered the Dungeons of Doom to retrieve the Amulet of Yendor! On T:610 you reached level 2 of The Dungeons of Doom. On T:684 you advanced to experience level 2. On T:883 you advanced to experience level 3. On T:1039 you reached level 3 of The Dungeons of Doom. On T:1430 you reached level 4 of The Dungeons of Doom. On T:1443 you advanced to experience level 4. On T:1681 you advanced to experience level 5. On T:1852 you advanced to experience level 6. On T:2695 you reached level 5 of The Dungeons of Doom. On T:3287 you advanced to experience level 7. On T:3615 you reached level 6 of The Dungeons of Doom. On T:4440 you advanced to experience level 8. On T:5753 you reached level 3 of Sokoban. On T:7015 you reached level 1 of The Gnomish Mines. On T:7885 you advanced to experience level 9. On T:8205 you reached level 2 of Sokoban. On T:8896 you reached level 1 of Sokoban. On T:13464 you advanced to experience level 10. On T:13910 you reached level 7 of The Dungeons of Doom. On T:14605 you received Luck Blade from Kos. Latest messages: [HP-5=14] You throw 3 orcish daggers. The 1st orcish dagger hits the ape! The 2nd orcish dagger hits the ape! The 3rd orcish dagger hits the ape! The ape hits! (2x) The ape misses. The ape hits! The ape misses. The ape bites! The rabid rat bites! [HP-10=4] You throw 4 orcish daggers. The 1st orcish dagger hits the ape! You kill the ape! The ape misses. The ape hits! The ape bites! The rabid rat misses. [HP-2=2] You begin praying to Kos. The ape hits! You die... Final status: Goodbye Celery the Rogue... You died in The Dungeons of Doom on dungeon level 6 with 15194 points, and 1292 pieces of gold, after 14608 moves. You were level 10 with a maximum of 87 hit points when you died.